 Dungeon Crawl Stone Soup version 0.28-a0-769-g550dbda0cd (webtiles) character file.

Game seed: 14621329879982716183

287 demibob the Cleaver (level 6, 0/51 HPs)
             Began as a Hill Orc Fighter on Oct 31, 2021.
             Slain by an ogre (15 damage)
             ... on level 4 of the Dungeon.
             The game lasted 00:04:45 (2300 turns).

demibob the Cleaver (Hill Orc Fighter)              Turns: 2300, Time: 00:04:45

Health: 0/51       AC: 10    Str: 19    XL:     6   Next: 30%
Magic:  6/6        EV: 10    Int:  8    God:
Gold:   146        SH:  5    Dex: 12    Spells: 5/5 levels left

rFire   . . .      SeeInvis .   a - +0 war axe
rCold   . . .      Faith    .   c - +0 buckler
rNeg    . . .      Spirit   .   f - +4 ring mail
rPois   .          Reflect  .   (no helmet)
rElec   .          Harm     .   (no cloak)
rCorr   .          Rampage  .   j - +0 pair of gloves
Will    .....                   (no boots)
Stlth   +.........              (no amulet)
HPRegen 0.17/turn               (no ring)
MPRegen 0.10/turn               (no ring)

@: no status effects
A: no striking features
a: no special abilities


You were on level 4 of the Dungeon.
You visited 1 branch of the dungeon, and saw 5 of its levels.

You collected 146 gold pieces.


   Skills:
 - Level 3.6 Fighting
 + Level 8.1 Axes
 - Level 3.2 Armour
 - Level 4.0 Shields


You had 5 spell levels left.
You didn't know any spells.
Your spell library contained the following spells:

 Spells                   Type           Power      Damage    Failure   Level
 Magic Dart               Conj           0%         1d3       58%         1
 Searing Ray              Conj           0%         2d4       73%         2
 Fulminant Prism          Conj/Hex       0%         3d6       100%        4

Inventory:

Hand Weapons
 a - a +0 war axe (weapon)
Armour
 c - a +0 buckler (worn)
 f - a +4 ring mail (worn)
 j - a +0 pair of gloves (worn)
Jewellery
 I - a +6 ring of intelligence
Scrolls
 b - a scroll of immolation {unknown}
 g - 2 scrolls of identify {@r1}
 h - a scroll of teleportation {@r2}
 i - a scroll of torment {unknown}
 k - a scroll of enchant armour
Potions
 d - 2 potions of might
 e - a potion of curing {@q1}

Dungeon Overview and Level Annotations

Branches:
Dungeon (5/15)
 Temple: D:4-7

Altars:

Annotations:
D:2 1 runed translucent door, Crazy Yiuf

####. ###### ####.....
# ####....####........
#.#......#............
#.....................
#.........†##........$
#.......#####.........
#.......# #..@.......
#.......# #...O......
#.#....## #..........
. ####. ##..........
## #...........
#...........
#...........
#...........
#.......(...


You could see an ogre.


Message History

No target in view!
No target in view!
You start resting.
You feel a little less mighty now.
HP restored.
Found 6 stones.
An ogre comes into view. It is wielding a +0 giant spiked club.
The ogre shouts!
An ogre is nearby!
Found 6 gold pieces.
The ogre hits you with a +0 giant spiked club!
You barely miss the ogre. You slash the ogre!
The ogre is moderately wounded.
You block the ogre's attack.
You slash the ogre!
The ogre is heavily wounded.
The ogre hits you with a +0 giant spiked club!
You barely miss the ogre.
The ogre is heavily wounded.
The ogre closely misses you.
You completely miss the ogre.
The ogre is heavily wounded.
The ogre hits you with a +0 giant spiked club!!
* * * LOW HITPOINT WARNING * * *
Unknown command.
You slash the ogre!
The ogre is almost dead.
The ogre hits you with a +0 giant spiked club!
You die...

Skill      XL: |  1  2  3  4  5 |
---------------+----------------+-----
Axes           | 3 5 7 8 |  8.1
Shields        | 4 |  4.0
Fighting       | |  3.6
Armour         | |  3.2

Action                   |  1- 3 |  4- 6 || total
-------------------------+-------+-------++-------
Melee: War axe           |    84 |    79 ||   163
  Use: Scroll            |     2 |     2 ||     4
       Potion            |       |     1 ||     1
Armor: Scale mail        |    42 |     3 ||    45
       Ring mail         |       |    36 ||    36
Dodge: Dodged            |    42 |    40 ||    82
Block: Buckler           |    20 |    14 ||    34

Levels and vault maps discovered:
D:1:      roderic_chinese_lattice_arrival, layout_basic,
          minmay_misc_feat_pillars
D:2:      layout_basic, shapermc_ecumenical_altar_starsandcircs,
          kennysheep_nondescript, chequers_serial_rivers_room_b,
          minmay_circle_x, uniq_jessica, uniq_crazy_yiuf_cottage
D:3:      layout_loops_ring, corexii_item_surrounded_by_moat
D:4:      layout_cave_pods, minmay_temple_entry_arrows, serial_bayou_crossing
D:5:      layout_loops_corners, nicolae_shop_overcharged_wands, uniq_duvessa,
          uniq_menkaure, uniq_blork_the_orc

Notes
Turn   | Place    | Note
-------+----------+-------------------------------------------
     0 | D:1      | demibob the Hill Orc Fighter began the quest for the Orb.
     0 | D:1      | Reached XP level 1. HP: 19/19 MP: 1/1
    85 | D:1      | Reached skill level 3 in Axes
   185 | D:1      | Reached XP level 2. HP: 26/26 MP: 2/2
   723 | D:2      | Reached skill level 4 in Shields
   723 | D:2      | Reached XP level 3. HP: 31/31 MP: 3/3
   756 | D:2      | Reached skill level 4 in Axes
   792 | D:2      | Found a faded altar of an unknown god.
  1128 | D:2      | Found a runed translucent door.
  1129 | D:2      | Noticed Crazy Yiuf
  1182 | D:2      | Noticed Jessica
  1188 | D:2      | Killed Jessica
  1189 | D:2      | Reached skill level 5 in Axes
  1189 | D:2      | Reached XP level 4. HP: 39/39 MP: 4/4
  1702 | D:3      | Reached skill level 6 in Axes
  1825 | D:3      | You fall into a shaft and drop 2 floors!
  1825 | D:5      | Entered Level 5 of the Dungeon
  1826 | D:5      | Noticed a centaur
  1844 | D:5      | Killed a centaur
  1845 | D:5      | Reached skill level 7 in Axes
  1845 | D:5      | Reached XP level 5. HP: 9/45 MP: 5/5
  2114 | D:5      | Noticed Blork the orc
  2126 | D:5      | Killed Blork the orc
  2127 | D:5      | Reached skill level 8 in Axes
  2127 | D:5      | Reached XP level 6. HP: 25/51 MP: 6/6
  2300 | D:4      | Slain by an ogre

Vanquished Creatures
  A centaur (D:5)
  Blork the orc (D:5)
  Jessica (D:2)
  A scorpion zombie (D:5)
  3 adders
  2 worms
  A dart slug (D:3)
  An orc (D:3)
  3 ball pythons
  4 endoplasms
  3 giant cockroaches
  6 goblins
  A hobgoblin (D:1)
  2 jackals (D:3)
  8 kobolds
  2 quokkas
  5 bats
  2 frilled lizards
  6 rats
53 creatures vanquished.

Table legend: (Time is in decaauts)
 A = Elapsed time spent in this place.
 B = Non-inter-level travel time spent in this place.
 C = Inter-level travel time spent in this place.
 D = Time resting spent in this place.
 E = Time spent auto-exploring this place.
 F = Levels seen in this place.
 G = Mean time per level.
                   A        B        C        D        E       F      G
               +--------+--------+--------+--------+--------+-----+--------+
         Total |   2348 |   2326 |     22 |    483 |   1361 |   5 |  469.6 |
       Dungeon |   2348 |   2326 |     22 |    483 |   1361 |   5 |  469.6 |
               +--------+--------+--------+--------+--------+-----+--------+

Top non-repeatable levels by time:
     D:2: 758 daAuts
     D:1: 727 daAuts
     D:3: 382 daAuts
     D:5: 313 daAuts
     D:4: 166 daAuts

Table legend:
 A = Non-vault XP
 B = Vault XP
 C = Vault XP percentage of total XP
 D = Non-vault monster count
 E = Vault monster count
 F = Vault count percentage of total count
                 A         B        C        D         E       F
            +---------+---------+-------+---------+---------+-------
      Total |     262 |     148 |  36.1 |      47 |       6 |  11.3
            +---------+---------+-------+---------+---------+-------
        D:1 |      30 |       0 |   0.0 |      18 |       0 |   0.0
        D:2 |      22 |      46 |  67.6 |       7 |       5 |  41.7
        D:3 |      61 |       0 |   0.0 |      19 |       0 |   0.0
        D:4 |       2 |       0 |   0.0 |       1 |       0 |   0.0
        D:5 |     147 |     102 |  41.0 |       2 |       1 |  33.3
            +---------+---------+-------+---------+---------+-------
